 Dungeon Crawl Stone Soup version 0.23.2-40-g277498a001 (webtiles) character file.

Game seed: 12055887306222615880

457 DenSaoPin the Covered (level 6, 0/51 HPs)
             Began as a Minotaur Fighter on Oct 6, 2019.
             Killed from afar by an orc wizard (9 damage)
             ... with a magic dart
             ... on level 4 of the Dungeon.
             The game lasted 00:10:42 (2984 turns).

DenSaoPin the Covered (Minotaur Fighter)            Turns: 2984, Time: 00:10:43

Health: 0/51       AC:  7    Str: 20    XL:     6   Next: 77%
Magic:  5/5        EV:  9    Int:  5    God:
Gold:   117        SH:  0    Dex: 15    Spells: 5/5 levels left

rFire    . . .     SeeInvis .   o - +1 scythe (slice)
rCold    . . .     Gourm    .   (shield currently unavailable)
rNeg     . . .     Faith    .   b - +0 scale mail
rPois    .         Spirit   .   (helmet restricted)
rElec    .         Reflect  .   (no cloak)
rCorr    .         Harm     .   (no gloves)
MR       .....                  (no boots)
Stlth    ..........             (no amulet)
HPRegen  0.17/turn              m - +3 ring of dexterity
MPRegen  0.09/turn              (no ring)

@: no status effects
A: retaliatory headbutt, horns 2
a: no special abilities


You were on level 4 of the Dungeon.
You were not hungry.

You visited 1 branch of the dungeon, and saw 4 of its levels.

You collected 117 gold pieces.

Inventory:

Hand Weapons
 a - a +0 war axe
 g - a +0 whip of electrocution
 o - a +1 scythe of slicing (weapon)
 r - a +3 dagger
Armour
 b - a +0 scale mail (worn)
 c - a +0 shield
 p - a +1 robe of cold resistance
Jewellery
 m - a +3 ring of dexterity (left hand)
 s - an uncursed ring of see invisible {unknown}
 v - an uncursed amulet of guardian spirit {unknown}
Scrolls
 h - 2 scrolls of teleportation {unknown}
 j - a scroll of identify {unknown}
 k - 2 scrolls of enchant armour {unknown}
 l - 2 scrolls of blinking {unknown}
 t - a scroll of magic mapping {unknown}
 u - a scroll of fear {unknown}
 w - a scroll of noise {unknown}
Potions
 d - a potion of might
 e - a potion of agility {unknown}
 i - 2 potions of curing {unknown}
 n - a potion of brilliance {unknown}
 q - a potion of heal wounds {unknown}
 x - 2 potions of haste {unknown}
Comestibles
 f - 4 rations


   Skills:
 - Level 3.6 Fighting
 - Level 4.7(5.1) Axes
 + Level 2.9(4.2) Polearms
 + Level 6.3 Armour
 - Level 5.5 Shields


You had 5 spell levels left.
You didn't know any spells.
Your spell library was empty.

Dungeon Overview and Level Annotations

Branches:
Dungeon (4/15)
 Temple: D:4-7

Altars:
Hepliaklqana
Makhleb
Sif Muna
Vehumet
Xom
Zin

Annotations:
D:3 Purgy


Innate Abilities, Weirdness & Mutations

You reflexively headbutt those who attack you in melee.
You have a pair of horns on your head.


Message History

The orc closely misses you. You furiously retaliate!
You headbutt the orc!
You kill the orc!
The orc priest looks encouraged for a moment.
You slash the orc priest!
You kill the orc priest!
The orc hits you with a +0 mace. The orc hits you with a +0 hand axe.
The orc wizard gestures wildly while chanting.
The orc wizard seems to speed up.
You barely miss the orc. The orc hits you but does no damage.
The orc barely misses you.
The orc wizard mumbles some strange words.
The orc wizard blinks!
The worm bites you!
* * * LOW HITPOINT WARNING * * *
The orc hits you but does no damage. The orc hits you with a +0 mace.
* * * LOW HITPOINT WARNING * * *
The orc hits you but does no damage.
An adder comes into view.
The orc wizard casts a spell at you. The magic dart hits you!
You die...

#.# ###.# ....
.....# .. ... #.
#.# ###.##.## .
.....#@.## ...
##...oow#.....
..##..o##(.......
.......<)#).....#
.##..#.#......(##
................#
........###S.....
........ ...##.
........ .###


You could see a worm, an orc wizard, an adder (wandering) and 2 orcs.

Vanquished Creatures
  Sigmund (D:2)
  A crimson imp (D:3)
  An orc priest (D:4)
  A hound (D:3)
  A centaur skeleton (D:4)
  Robin (D:2)
  10 adders
  2 worms (D:3)
  4 dart slugs (D:1)
  4 orcs
  5 giant cockroaches
  12 goblins
  8 hobgoblins
  6 kobolds
  A quokka (D:2)
  5 bats
  5 frilled lizards
  8 rats
76 creatures vanquished.

Notes
Turn   | Place    | Note
-------+----------+-------------------------------------------
     0 | D:1      | DenSaoPin the Minotaur Fighter began the quest for the Orb.
     0 | D:1      | Reached XP level 1. HP: 19/19 MP: 0/0
   114 | D:1      | Reached XP level 2. HP: 26/26 MP: 1/1
   189 | D:1      | Reached skill level 4 in Armour
   551 | D:2      | Reached XP level 3. HP: 28/31 MP: 2/2
   554 | D:2      | Noticed Robin
   973 | D:2      | Killed Robin
   973 | D:2      | Reached XP level 4. HP: 26/39 MP: 3/3
  1406 | D:2      | Found a shimmering altar of Xom.
  1407 | D:2      | Found a hazy altar of Hepliaklqana.
  1407 | D:2      | Noticed a yak
  1408 | D:2      | Noticed a yak
  1408 | D:2      | Noticed a spectral ugly thing
  1424 | D:2      | Noticed Sigmund
  1706 | D:2      | Killed Sigmund
  1706 | D:2      | Reached skill level 5 in Armour
  1706 | D:2      | Reached skill level 5 in Shields
  1706 | D:2      | Reached XP level 5. HP: 28/45 MP: 4/4
  1827 | D:2      | Found a deep blue altar of Sif Muna.
  1870 | D:2      | Reached XP level 6. HP: 51/51 MP: 5/5
  2339 | D:3      | Reached skill level 1 in Polearms
  2742 | D:3      | Found a radiant altar of Vehumet.
  2797 | D:3      | Reached skill level 6 in Armour
  2837 | D:3      | Found a burning altar of Makhleb.
  2907 | D:3      | Found a burning altar of Makhleb.
  2909 | D:3      | Found a glowing silver altar of Zin.
  2909 | D:3      | Noticed a blizzard demon
  2909 | D:3      | Noticed an angel
  2953 | D:3      | Noticed Purgy
  2984 | D:4      | Killed from afar by an orc wizard

Skill      XL: |  1  2  3  4  5  6 |
---------------+-------------------+-----
Shields        | 4 5 |  5.5
Armour         | 4 5 6 |  6.3
Axes           | 3 4 |  4.7
Polearms       | 2 |  2.9
Fighting       | |  3.6

Action                   |  1- 3 |  4- 6 || total
-------------------------+-------+-------++-------
Melee: War axe           |    78 |    23 ||   101
       Headbutt          |    10 |    13 ||    23
       Scythe            |       |    68 ||    68
  Eat: Ration            |       |     1 ||     1
       Chunk             |       |     3 ||     3
Armor: Scale mail        |    47 |    62 ||   109
Dodge: Dodged            |    34 |    78 ||   112
Block: Shield            |    57 |    11 ||    68
